 Dungeon Crawl Stone Soup version 0.29.1-1-gd02db6906a (webtiles) character file.

Game seed: 18316726841776395750

888 avis the Skirmisher (level 7, -5/57 HPs)
             Began as a Demigod Hunter on Sept 23, 2022.
             Slain by Menkaure (14 damage)
             ... on level 5 of the Dungeon.
             The game lasted 00:28:58 (6226 turns).

avis the Skirmisher (Demigod Hunter)                Turns: 6226, Time: 00:28:58

Health: -5/57      AC:  6    Str: 12    XL:     7   Next: 48%
Magic:  9/9        EV: 12    Int: 17    God:
Gold:   262        SH:  0    Dex: 25    Spells: 6/6 levels left

rFire   + . .      SeeInvis .   C - +1 whip (flame)
rCold   . . .      Faith    .   (no shield)
rNeg    . . .      Spirit   .   j - +0 ring mail
rPois   .          Reflect  .   z - +0 helmet
rElec   .          Harm     .   (no cloak)
rCorr   .          Rampage  .   (no gloves)
Will    .....                   (no boots)
Stlth   ++........              (no amulet)
HPRegen 0.19/turn               d - ring of protection from fire
MPRegen 0.11/turn               g - +6 ring of intelligence

@: no status effects
A: high MP 1, forlorn, divine attributes
a: no special abilities


You were on level 5 of the Dungeon.
You visited 1 branch of the dungeon, and saw 5 of its levels.
You also visited: Ossuary.

You collected 262 gold pieces.

Inventory:

Hand Weapons
 b - a +0 shortbow
 w - a +0 dagger of protection
 x - a +0 rapier
 C - a +1 whip of flaming (weapon)
 I - a +0 long sword
Missiles
 m - 6 atropa-tipped darts
 r - 11 poisoned darts
 u - a throwing net
 E - 2 javelins
Armour
 j - a +0 ring mail (worn)
 l - a +0 leather armour
 z - a +0 helmet (worn)
Magical Staves
 a - a staff of cold
Jewellery
 d - a ring of protection from fire (left hand)
 g - a +6 ring of intelligence (right hand)
 K - a ring of magical power
Scrolls
 c - 2 scrolls of immolation
 e - a scroll of torment {unknown}
 f - a scroll of enchant armour {unknown}
 o - a scroll of enchant weapon {unknown}
 q - a scroll of fear {unknown}
 s - a scroll of vulnerability {unknown}
 v - 2 scrolls of butterflies {unknown}
 y - a scroll of blinking {unknown}
 G - a scroll of magic mapping {unknown}
Potions
 i - a potion of haste {unknown}
 n - 3 potions of flight
 p - 3 potions of brilliance
 t - a potion of attraction {unknown}
 A - a potion of invisibility {unknown}
 B - 5 potions of lignification
 D - a potion of degeneration {unknown}
 F - 2 potions of mutation
 H - a potion of berserk rage {unknown}
 J - a potion of magic {unknown}


   Skills:
 + Level 3.3 Fighting
 * Level 0.8 Long Blades
 * Level 8.0 Ranged Weapons
 - Level 3.0 Dodging
 - Level 0.8 Stealth


You had 6 spell levels left.
You didn't know any spells.
Your spell library contained the following spells:

 Spells                   Type           Power      Damage    Failure   Level
 Dazzling Flash           Conj/Hex       0%         N/A       85%         3
 Iskenderun's Mystic Bla  Conj/Tloc      0%         2d3       99%         4
 Starburst                Conj/Fire      0%         6d3       100%        6


Dungeon Overview and Level Annotations

Branches:
Dungeon (5/15)            Ossuary (visited)
 Temple: D:4-7

Shops:
D:3 (   D:4 (

Annotations:
D:5 2 runed translucent doors, Menkaure


Innate Abilities, Weirdness & Mutations

You have an increased reservoir of magic. (+10% MP)
You shall have no god before yourself.
Your divine heritage dramatically boosts your attributes as you level up.


Message History

Menkaure is moderately damaged.
Your +1 whip of flaming bursts into flame!
C - a +1 whip of flaming (weapon)
Menkaure hits you!
You hit Menkaure. You burn Menkaure.
Menkaure is severely damaged.
Menkaure hits you!
* * * LOW HITPOINT WARNING * * *
You feel much better. Menkaure misses you. Menkaure barely misses you.
You hit Menkaure but do no damage.
Menkaure is severely damaged.
Menkaure hits you!
You hit Menkaure but do no damage.
Menkaure is severely damaged.
Menkaure barely misses you.
You hit Menkaure but do no damage.
Menkaure is severely damaged.
Menkaure calls on the powers of darkness!
Your body is wracked with pain!
* * * LOW HITPOINT WARNING * * *
You feel much better.
Menkaure gestures at you while chanting.
Pain shoots through your body! Menkaure hits you!!
* * * LOW HITPOINT WARNING * * *
You feel better. Menkaure casts a spell at you. Pain shoots through your body!
* * * LOW HITPOINT WARNING * * *
You feel better. Menkaure hits you.
You hit Menkaure. You burn Menkaure.
Menkaure is almost destroyed.
Menkaure gestures at you while chanting.
Pain shoots through your body!
* * * LOW HITPOINT WARNING * * *
You feel better. Menkaure hits you!!
* * * LOW HITPOINT WARNING * * *
Menkaure points at you and mumbles some strange words.
You struggle to resist.
You feel better. Menkaure hits you!
You die...

#.........>....##
#.....##.#.#####
#.....##.#.#####
########.#.....########
#.#.....'....... .
#.#.....#######. ...
#.#........<..#.
....M###########.#.#.#.....#.#.
..........).)M@..#.#.#.......#.
##################.#.#.#######.
#.#.#......... #.#.##########
#.#........... #.############
#............. #############.
#.


You could see Menkaure (fast).

Vanquished Creatures
  Blork the orc (D:5)
  2 scorpions (D:5)
  5 water moccasin zombies (Ossuary)
  A jelly (D:5)
  A hound (D:4)
  3 orc priests (D:5)
  An iguana (D:5)
  An orc wizard (D:5)
  2 mummies (Ossuary)
  5 adders
  An ufetubus (D:4)
  6 adder zombies (Ossuary)
  A worm (D:2)
  3 dart slugs
  13 orcs
  10 endoplasms
  3 giant cockroaches
  2 gnoll zombies (Ossuary)
  6 goblins
  6 hobgoblins
  7 quokkas
  6 ball pythons
  5 bats
  4 frilled lizards
  6 hobgoblin zombies (Ossuary)
  9 kobolds
  4 kobold zombies (Ossuary)
  6 orc zombies (Ossuary)
  5 rats
125 creatures vanquished.

Notes
Turn   | Place    | Note
-------+----------+-------------------------------------------
     0 | D:1      | avis the Demigod Hunter began the quest for the Orb.
     0 | D:1      | Reached XP level 1. HP: 17/17 MP: 3/3
   318 | D:1      | Reached XP level 2. HP: 21/24 MP: 4/4
   356 | D:1      | Reached skill level 4 in Ranged Weapons
  1075 | D:2      | Reached XP level 3. HP: 2/30 MP: 5/5
  1664 | D:3      | Noticed a shining eye
  1898 | D:3      | Found Peifa's Weapon Boutique.
  2098 | D:3      | Noticed a golden eye
  2100 | D:3      | Noticed an eye of devastation
  2104 | D:3      | Noticed a shining eye
  2394 | D:3      | Reached XP level 4. HP: 27/37 MP: 6/6
  2547 | D:3      | You fall into a shaft and drop 1 floor!
  2821 | D:4      | Reached skill level 5 in Ranged Weapons
  3326 | D:4      | Reached XP level 5. HP: 29/45 MP: 7/7
  3500 | D:4      | Found Peakeane's Weapon Shoppe.
  4382 | D:5      | Entered Level 5 of the Dungeon
  4444 | D:5      | Found a sand-covered staircase.
  4455 | Ossuary  | Entered an ossuary
  4709 | Ossuary  | Reached skill level 6 in Ranged Weapons
  4715 | Ossuary  | Reached XP level 6. HP: 27/51 MP: 8/8
  5244 | D:5      | Noticed Blork the orc
  5252 | D:5      | Killed Blork the orc
  5253 | D:5      | Reached skill level 7 in Ranged Weapons
  5463 | D:5      | Reached XP level 7. HP: 57/57 MP: 9/9
  5880 | D:5      | Found a runed translucent door.
  6041 | D:5      | Found a runed translucent door.
  6195 | D:5      | Noticed Menkaure
  6213 | D:5      | Reached skill level 8 in Ranged Weapons
  6226 | D:5      | Slain by Menkaure

Illustrated notes

Levels and vault maps discovered:
D:1:      grunt_arrival_crossed_arrows, layout_basic, minmay_strange_pillars
D:2:      layout_rooms, st_stairs_2
D:3:      layout_basic, serial_shops, shop,
          hellmonk_ecumenical_altar_watching_god
D:4:      layout_loops_ring, serial_shops, shop
D:5:      lemuel_insect_pit, layout_basic, gammafunk_temple_overflow_arena,
          mainiacjoe_overflow_alcove_4, nicolae_ossuary_entry_monument,
          uniq_blork_the_orc, uniq_menkaure

Skill      XL: |  1  2  3  4  5  6  7 |
---------------+----------------------+-----
Fighting       | 2 3 |  3.3
Ranged Weapons | 4 5 6 7 8 |  8.0
Dodging        | 2 3 |  3.0
Long Blades    | |  0.8
Stealth        | |  0.8

Action                   |  1- 3 |  4- 6 |  7- 9 || total
-------------------------+-------+-------+-------++-------
Melee: Staff             |    14 |       |       ||    14
       Dagger            |    16 |    18 |       ||    34
       Whip              |       |     2 |     5 ||     7
       Long sword        |       |       |    11 ||    11
       Punch             |       |       |     1 ||     1
 Fire: Shortbow          |   116 |   209 |    41 ||   366
  Use: Potion            |     1 |       |     8 ||     9
       Scroll            |       |     5 |       ||     5
Armor: Leather armour    |    21 |    38 |       ||    59
       Ring mail         |       |       |     1 ||     1
Dodge: Dodged            |    52 |   102 |    21 ||   175
